2866 views
Uploaded 2020-03-07 18:37:45
Game version 1.32.2
26:52 long 3on3 ladder game on (6)StranglethornVale
Saved by BEARAND
2866 views
Uploaded 2020-03-07 18:37:45
Game version 1.32.2
26:52 long 3on3 ladder game on (6)StranglethornVale


69 units @ 7.9k
/ 0.7k
182 buildings @ 11.5k
/ 5.6k



| Scroll of Regeneration | 4 | 400 |
| Lesser Clarity Potion | 2 | 140 |
| Mechanical Critter | 2 | 100 |
| Staff of Sanctuary | 3 | 750 |
| Orb of Fire | 1 | 325 |
| Boots of Speed | 3 | 750 |
| Staff of Teleportation | 3 | 450 |
| Circlet of Nobility | 2 | 350 |
| Orb of Corruption | 2 | 750 |
| total: | 22 | 4015g |
| Peasant | 16 | 1200 | / | 0 |
| Priest | 1 | 135 | / | 10 |
| total: | 17 | 1335g | / | 10w |
| Scout Tower | 22 | 660 | / | 440 |
| Arcane Tower | 3 | 210 | / | 150 |
| Guard Tower | 10 | 700 | / | 500 |
| Altar of Kings | 1 | 180 | / | 50 |
| Lumber Mill | 2 | 240 | / | 0 |
| Farm | 3 | 240 | / | 60 |
| Arcane Vault | 3 | 390 | / | 90 |
| Town Hall | 1 | 385 | / | 205 |
| Arcane Sanctum | 1 | 150 | / | 140 |
| Keep | 1 | 320 | / | 210 |
| Castle | 1 | 360 | / | 210 |
| total: | 33 | 2245g | / | 985w |
| 0:01 | Peasant |
| 0:03 | Altar of Kings |
| 0:11 | Peasant |
| 0:18 | Lumber Mill |
| 0:21 | Peasant |
| 0:25 | Lumber Mill |
| 0:32 | Peasant |
| 0:37 | Peasant |
| 0:39 | Farm |
| 1:11 | Farm |
| 1:12 | Peasant |
| 1:18 | Scout Tower |
| 1:29 | Peasant |
| 1:39 | Peasant |
| 1:44 | Arcane Tower |
| 1:45 | Scout Tower |
| 1:51 | Peasant |
| 1:59 | Peasant |
| 2:08 | Improved Masonry |
| 2:16 | Scout Tower |
| 2:22 | Storm Bolt |
| 2:23 | Guard Tower |
| 2:25 | Peasant |
| 2:44 | Peasant |
| 2:52 | Guard Tower |
| 2:53 | Scout Tower |
| 2:54 | Scout Tower |
| 2:54 | Scout Tower |
| 3:05 | Scout Tower |
| 3:06 | Scout Tower |
| 3:17 | Peasant |
| 3:17 | Peasant |
| 3:24 | Guard Tower |
| 3:36 | Guard Tower |
| 3:40 | Boots of Speed |
| 3:43 | Staff of Teleportation |
| 3:49 | Guard Tower |
| 3:56 | Scout Tower |
| 3:57 | Scout Tower |
| 4:28 | Keep |
| 5:11 | Arcane Vault |
| 5:21 | Guard Tower |
| 5:41 | Bash |
| 5:55 | Scroll of Regeneration |
| 6:00 | Scout Tower |
| 6:00 | Scout Tower |
| 6:13 | Farm |
| 6:52 | Arcane Tower |
| 6:52 | Guard Tower |
| 7:00 | Town Hall |
| 7:08 | Scout Tower |
| 7:41 | Storm Bolt |
| 7:45 | Arcane Tower |
| 8:00 | Holy Light |
| 8:04 | Improved Lumber Harvesting |
| 8:17 | Boots of Speed |
| 8:26 | Peasant |
| 8:35 | Castle |
| 9:10 | Scroll of Regeneration |
| 9:17 | Scroll of Regeneration |
| 9:19 | Lesser Clarity Potion |
| 10:03 | Advanced Masonry |
| 10:04 | Peasant |
| 10:09 | Arcane Vault |
| 10:19 | Lesser Clarity Potion |
| 10:22 | Mechanical Critter |
| 10:23 | Mechanical Critter |
| 10:35 | Scout Tower |
| 10:46 | Arcane Sanctum |
| 11:18 | Guard Tower |
| 11:22 | Arcane Vault |
| 11:26 | Imbued Masonry |
| 11:26 | Advanced Lumber Harvesting |
| 11:31 | Scroll of Regeneration |
| 11:31 | Staff of Sanctuary |
| 11:35 | Staff of Sanctuary |
| 12:05 | Orb of Corruption |
| 12:10 | Staff of Teleportation |
| 12:18 | Magic Sentry |
| 12:18 | Priest Adept Training |
| 12:18 | Priest |
| 12:21 | Scout Tower |
| 12:22 | Scout Tower |
| 12:25 | Banish |
| 12:28 | Scout Tower |
| 12:30 | Scout Tower |
| 12:31 | Scout Tower |
| 12:31 | Scout Tower |
| 12:35 | Orb of Corruption |
| 12:39 | Boots of Speed |
| 12:41 | Circlet of Nobility |
| 12:52 | Staff of Sanctuary |
| 13:08 | Orb of Fire |
| 13:54 | Divine Shield |
| 14:05 | Guard Tower |
| 14:24 | Guard Tower |
| 14:26 | Scout Tower |
| 14:27 | Scout Tower |
| 14:35 | Staff of Teleportation |
| 14:37 | Circlet of Nobility |
| Right click | 837 |
| Select group | 508 |
| Assign group | 395 |
| Select | 236 |
| Build/train/purchase | 113 |
| Use ability | 39 |
| Misc. action | 17 |
| Resource trade | 9 |
| Item give/drop | 2 |
| Minimap ping | 1 |



| Scroll of Regeneration | 2 | 200 |
| Lesser Clarity Potion | 1 | 70 |
| Staff of Sanctuary | 3 | 750 |
| Staff of Teleportation | 3 | 450 |
| Boots of Speed | 3 | 750 |
| Periapt of Vitality | 2 | 650 |
| Circlet of Nobility | 1 | 175 |
| Orb of Corruption | 2 | 750 |
| total: | 17 | 3795g |
| Peasant | 18 | 1350 | / | 0 |
| Priest | 1 | 135 | / | 10 |
| Dragonhawk Rider | 6 | 1200 | / | 180 |
| total: | 25 | 2685g | / | 190w |
| Scout Tower | 70 | 2100 | / | 1400 |
| Arcane Tower | 3 | 210 | / | 150 |
| Guard Tower | 39 | 2730 | / | 1950 |
| Altar of Kings | 1 | 180 | / | 50 |
| Farm | 7 | 560 | / | 140 |
| Lumber Mill | 1 | 120 | / | 0 |
| Arcane Vault | 2 | 260 | / | 60 |
| Town Hall | 1 | 385 | / | 205 |
| Blacksmith | 1 | 140 | / | 60 |
| Barracks | 1 | 160 | / | 60 |
| Arcane Sanctum | 1 | 150 | / | 140 |
| Gryphon Aviary | 2 | 280 | / | 300 |
| Keep | 1 | 320 | / | 210 |
| Castle | 1 | 360 | / | 210 |
| total: | 87 | 4335g | / | 2415w |
| 0:01 | Peasant |
| 0:01 | Peasant |
| 0:06 | Altar of Kings |
| 0:13 | Peasant |
| 0:19 | Farm |
| 0:50 | Lumber Mill |
| 0:54 | Peasant |
| 1:04 | Peasant |
| 1:21 | Peasant |
| 1:28 | Scout Tower |
| 1:29 | Farm |
| 1:30 | Peasant |
| 1:31 | Peasant |
| 1:34 | Peasant |
| 1:44 | Scout Tower |
| 1:47 | Scout Tower |
| 2:00 | Arcane Tower |
| 2:06 | Scout Tower |
| 2:07 | Blizzard |
| 2:12 | Scout Tower |
| 2:14 | Peasant |
| 2:14 | Peasant |
| 2:14 | Peasant |
| 2:17 | Arcane Tower |
| 2:18 | Scout Tower |
| 2:22 | Guard Tower |
| 2:28 | Peasant |
| 2:28 | Peasant |
| 2:37 | Guard Tower |
| 2:48 | Guard Tower |
| 2:49 | Scout Tower |
| 2:50 | Scout Tower |
| 2:54 | Scout Tower |
| 3:01 | Scout Tower |
| 3:02 | Scout Tower |
| 3:19 | Guard Tower |
| 3:21 | Scout Tower |
| 3:23 | Scout Tower |
| 3:29 | Guard Tower |
| 3:30 | Guard Tower |
| 3:31 | Guard Tower |
| 3:46 | Staff of Teleportation |
| 3:56 | Guard Tower |
| 4:00 | Guard Tower |
| 4:25 | Scout Tower |
| 4:27 | Scout Tower |
| 4:49 | Keep |
| 5:01 | Guard Tower |
| 5:03 | Arcane Vault |
| 5:05 | Scout Tower |
| 5:07 | Scout Tower |
| 5:12 | Scout Tower |
| 5:13 | Scout Tower |
| 5:14 | Guard Tower |
| 5:17 | Farm |
| 5:17 | Farm |
| 5:33 | Arcane Vault |
| 5:55 | Improved Masonry |
| 6:03 | Guard Tower |
| 6:09 | Guard Tower |
| 6:10 | Scout Tower |
| 6:10 | Scout Tower |
| 6:11 | Guard Tower |
| 6:14 | Scout Tower |
| 6:15 | Scout Tower |
| 6:15 | Scout Tower |
| 6:16 | Scout Tower |
| 6:16 | Scout Tower |
| 6:28 | Guard Tower |
| 6:30 | Scout Tower |
| 6:30 | Scout Tower |
| 6:31 | Scout Tower |
| 6:31 | Scout Tower |
| 6:32 | Scout Tower |
| 6:32 | Scout Tower |
| 6:33 | Scout Tower |
| 6:52 | Brilliance Aura |
| 7:11 | Guard Tower |
| 7:16 | Peasant |
| 7:16 | Peasant |
| 7:16 | Peasant |
| 7:16 | Peasant |
| 7:18 | Improved Lumber Harvesting |
| 7:19 | Scroll of Regeneration |
| 8:40 | Storm Bolt |
| 9:14 | Guard Tower |
| 9:28 | Castle |
| 9:31 | Town Hall |
| 9:36 | Scroll of Regeneration |
| 9:37 | Lesser Clarity Potion |
| 9:40 | Blizzard |
| 9:41 | Guard Tower |
| 10:05 | Staff of Teleportation |
| 10:05 | Boots of Speed |
| 10:16 | Boots of Speed |
| 10:25 | Scout Tower |
| 10:26 | Scout Tower |
| 10:31 | Guard Tower |
| 11:08 | Periapt of Vitality |
| 11:09 | Circlet of Nobility |
| 11:16 | Arcane Sanctum |
| 11:21 | Guard Tower |
| 11:51 | Staff of Sanctuary |
| 12:03 | Guard Tower |
| 12:16 | Scout Tower |
| 12:22 | Orb of Corruption |
| 12:22 | Orb of Corruption |
| 12:59 | Holy Light |
| 14:05 | Scout Tower |
| 14:06 | Scout Tower |
| 14:07 | Scout Tower |
| 14:07 | Scout Tower |
| 14:07 | Scout Tower |
| 14:08 | Guard Tower |
| 14:25 | Scout Tower |
| 14:25 | Scout Tower |
| 14:26 | Scout Tower |
| 14:26 | Scout Tower |
| 14:26 | Scout Tower |
| 14:26 | Scout Tower |
| 14:27 | Scout Tower |
| 14:33 | Magic Sentry |
| 14:36 | Priest |
| 14:38 | Priest Adept Training |
| 14:38 | Sorceress Adept Training |
| 14:59 | Boots of Speed |
| 15:01 | Periapt of Vitality |
| 15:12 | Staff of Sanctuary |
| 15:32 | Advanced Masonry |
| 15:33 | Gryphon Aviary |
| 15:34 | Gryphon Aviary |
| 15:37 | Blacksmith |
| 15:38 | Barracks |
| 17:17 | Guard Tower |
| 17:34 | Iron Forged Swords |
| 17:34 | Studded Leather Armor |
| 17:36 | Farm |
| 17:37 | Farm |
| 17:37 | Farm |
| 17:38 | Imbued Masonry |
| 17:43 | Scout Tower |
| 17:44 | Scout Tower |
| 17:44 | Scout Tower |
| 17:45 | Scout Tower |
| 17:45 | Scout Tower |
| 17:51 | Guard Tower |
| 18:44 | Staff of Teleportation |
| 18:57 | Staff of Sanctuary |
| 20:15 | Dragonhawk Rider |
| 20:29 | Guard Tower |
| 20:44 | Steel Forged Swords |
| 20:44 | Reinforced Leather Armor |
| 20:45 | Animal War Training |
| 20:46 | Dragonhawk Rider |
| 20:46 | Dragonhawk Rider |
| 21:54 | Scout Tower |
| 21:54 | Scout Tower |
| 21:55 | Scout Tower |
| 21:55 | Scout Tower |
| 21:55 | Scout Tower |
| 21:56 | Scout Tower |
| 21:56 | Scout Tower |
| 21:56 | Scout Tower |
| 21:57 | Scout Tower |
| 22:16 | Bash |
| 22:24 | Dragonhawk Rider |
| 22:26 | Dragonhawk Rider |
| 23:07 | Dragonhawk Rider |
| 23:07 | Cloud |
| 23:08 | Mithril Forged Swords |
| 23:33 | Bash |
| 23:47 | Divine Shield |
| 25:15 | Guard Tower |
| 25:42 | Guard Tower |
| 26:39 | Scout Tower |
| 26:39 | Scout Tower |
| 26:40 | Scout Tower |
| 26:40 | Scout Tower |
| 26:40 | Scout Tower |
| 26:42 | Scout Tower |
| 26:42 | Scout Tower |
| 26:42 | Scout Tower |
| Right click | 2724 |
| Select | 611 |
| Select group | 509 |
| Build/train/purchase | 149 |
| Use ability | 123 |
| Misc. action | 24 |
| Chat | 18 |
| Assign group | 15 |
| Item give/drop | 9 |
| Minimap ping | 8 |
⇛
TIMG4STRok
(26:49) : 


| Orb of Corruption | 3 | 1125 |
| Boots of Speed | 4 | 1000 |
| Periapt of Vitality | 1 | 325 |
| Staff of Teleportation | 3 | 450 |
| Circlet of Nobility | 2 | 350 |
| Scroll of Regeneration | 1 | 100 |
| Staff of Sanctuary | 3 | 750 |
| total: | 17 | 4100g |
| Acolyte | 7 | 525 | / | 0 |
| Ghoul | 6 | 720 | / | 0 |
| Obsidian Statue | 2 | 400 | / | 70 |
| Gargoyle | 8 | 1400 | / | 240 |
| Crypt Fiend | 2 | 430 | / | 80 |
| Siege Engine | 2 | 390 | / | 120 |
| total: | 27 | 3865g | / | 510w |
| Nerubian Tower | 1 | 100 | / | 20 |
| Crypt | 2 | 400 | / | 100 |
| Altar of Darkness | 1 | 180 | / | 50 |
| Ziggurat | 7 | 1050 | / | 350 |
| Graveyard | 1 | 215 | / | 0 |
| Necropolis | 1 | 225 | / | 0 |
| Tomb of Relics | 3 | 390 | / | 90 |
| Slaughterhouse | 1 | 140 | / | 135 |
| Halls of the Dead | 1 | 320 | / | 210 |
| Black Citadel | 1 | 325 | / | 230 |
| Scout Tower | 33 | 990 | / | 660 |
| Guard Tower | 8 | 560 | / | 400 |
| Blacksmith | 1 | 140 | / | 60 |
| Farm | 8 | 640 | / | 160 |
| Workshop | 4 | 560 | / | 560 |
| total: | 62 | 4930g | / | 2165w |
| 0:03 | Acolyte |
| 0:06 | Crypt |
| 0:09 | Altar of Darkness |
| 0:10 | Acolyte |
| 0:40 | Ziggurat |
| 0:54 | Graveyard |
| 1:09 | Ghoul |
| 1:25 | Ghoul |
| 1:33 | Nerubian Tower |
| 1:52 | Ghoul |
| 2:03 | Ghoul |
| 2:28 | Death Coil |
| 2:33 | Necropolis |
| 3:48 | Boots of Speed |
| 3:48 | Periapt of Vitality |
| 3:52 | Boots of Speed |
| 4:53 | Halls of the Dead |
| 5:10 | Ghoul |
| 5:10 | Ghoul |
| 5:36 | Unholy Aura |
| 7:01 | Staff of Teleportation |
| 7:41 | Death Coil |
| 7:52 | Black Citadel |
| 8:07 | Tomb of Relics |
| 8:24 | Frost Nova |
| 8:39 | Tomb of Relics |
| 8:40 | Tomb of Relics |
| 9:42 | Slaughterhouse |
| 10:05 | Boots of Speed |
| 10:05 | Staff of Teleportation |
| 10:16 | Orb of Corruption |
| 10:18 | Orb of Corruption |
| 10:27 | Ziggurat |
| 10:29 | Ziggurat |
| 10:37 | Scroll of Regeneration |
| 11:50 | Obsidian Statue |
| 12:10 | Staff of Sanctuary |
| 12:36 | Carrion Swarm |
| 12:38 | Frost Armor |
| 12:50 | Obsidian Statue |
| 12:50 | Destroyer Form |
| 12:52 | Creature Carapace |
| 13:09 | Acolyte |
| 13:12 | Acolyte |
| 13:12 | Acolyte |
| 13:13 | Acolyte |
| 13:13 | Acolyte |
| 14:37 | Staff of Teleportation |
| 14:37 | Boots of Speed |
| 14:44 | Circlet of Nobility |
| 14:44 | Circlet of Nobility |
| 15:09 | Staff of Sanctuary |
| 15:12 | Staff of Sanctuary |
| 15:31 | Blacksmith |
| 15:37 | Guard Tower |
| 15:43 | Orb of Corruption |
| 16:46 | Ziggurat |
| 16:47 | Ziggurat |
| 16:47 | Ziggurat |
| 16:48 | Ziggurat |
| 16:51 | Crypt |
| 16:55 | Gargoyle |
| 16:55 | Gargoyle |
| 16:56 | Gargoyle |
| 16:58 | Web |
| 17:01 | Crypt Fiend |
| 17:01 | Crypt Fiend |
| 17:04 | Gargoyle |
| 17:05 | Gargoyle |
| 17:07 | Creature Attack |
| 17:32 | Iron Plating |
| 17:32 | Black Gunpowder |
| 17:35 | Workshop |
| 17:39 | Workshop |
| 17:41 | Workshop |
| 17:44 | Workshop |
| 17:48 | Scout Tower |
| 17:48 | Scout Tower |
| 17:49 | Scout Tower |
| 17:50 | Scout Tower |
| 17:53 | Scout Tower |
| 17:54 | Scout Tower |
| 17:55 | Scout Tower |
| 17:55 | Scout Tower |
| 17:57 | Scout Tower |
| 17:58 | Scout Tower |
| 18:00 | Scout Tower |
| 18:00 | Scout Tower |
| 18:01 | Scout Tower |
| 18:02 | Scout Tower |
| 19:25 | Steel Plating |
| 19:30 | Guard Tower |
| 19:33 | Guard Tower |
| 19:35 | Barrage |
| 19:37 | Siege Engine |
| 19:39 | Farm |
| 19:40 | Farm |
| 19:41 | Farm |
| 19:42 | Farm |
| 19:44 | Farm |
| 19:45 | Farm |
| 19:49 | Guard Tower |
| 19:51 | Scout Tower |
| 19:52 | Scout Tower |
| 19:53 | Scout Tower |
| 19:53 | Scout Tower |
| 19:53 | Scout Tower |
| 19:54 | Scout Tower |
| 20:13 | Unholy Aura |
| 21:05 | Gargoyle |
| 21:06 | Gargoyle |
| 21:16 | Improved Creature Attack |
| 21:16 | Improved Creature Carapace |
| 21:18 | Refined Gunpowder |
| 21:33 | Guard Tower |
| 21:37 | Guard Tower |
| 21:55 | Gargoyle |
| 22:46 | Guard Tower |
| 22:54 | Imbued Gunpowder |
| 23:13 | Sleep |
| 23:35 | Frost Nova |
| 23:48 | Advanced Creature Attack |
| 23:48 | Advanced Creature Carapace |
| 23:53 | Mithril Plating |
| 23:58 | Siege Engine |
| 24:08 | Scout Tower |
| 24:08 | Scout Tower |
| 24:09 | Scout Tower |
| 24:10 | Scout Tower |
| 24:11 | Scout Tower |
| 24:12 | Scout Tower |
| 24:12 | Scout Tower |
| 24:13 | Scout Tower |
| 24:14 | Scout Tower |
| 24:17 | Scout Tower |
| 24:18 | Scout Tower |
| 24:19 | Scout Tower |
| 24:19 | Scout Tower |
| 24:44 | Farm |
| 24:47 | Farm |
| 26:33 | Stone Form |
| Right click | 1652 |
| Select group | 1167 |
| Select | 253 |
| Build/train/purchase | 105 |
| Resource trade | 76 |
| Use ability | 62 |
| Misc. action | 56 |
| Assign group | 19 |
| Chat | 14 |
| Item give/drop | 6 |
| Esc | 6 |
| Minimap ping | 4 |
132 units @ 19.6k
/ 2.7k
47 buildings @ 7.5k
/ 3.5k


| Scroll of Town Portal | 3 | 1050 |
| total: | 3 | 1050g |
| Acolyte | 10 | 750 | / | 0 |
| Ghoul | 4 | 480 | / | 0 |
| Crypt Fiend | 5 | 1075 | / | 200 |
| Frost Wyrm | 5 | 1925 | / | 600 |
| Banshee | 3 | 465 | / | 90 |
| Makrura Deepseer | 1 | 500 | / | 100 |
| Mur'gul Snarecaster | 1 | 215 | / | 20 |
| total: | 29 | 5410g | / | 1010w |
| Spirit Tower | 4 | 580 | / | 160 |
| Ziggurat | 7 | 1050 | / | 350 |
| Crypt | 1 | 200 | / | 50 |
| Graveyard | 1 | 215 | / | 0 |
| Altar of Darkness | 1 | 180 | / | 50 |
| Sacrificial Pit | 1 | 75 | / | 150 |
| Temple of the Damned | 1 | 155 | / | 140 |
| Boneyard | 2 | 350 | / | 400 |
| Halls of the Dead | 1 | 320 | / | 210 |
| Black Citadel | 1 | 325 | / | 230 |
| total: | 14 | 2225g | / | 1140w |
| 0:05 | Acolyte |
| 0:05 | Acolyte |
| 0:27 | Ziggurat |
| 0:33 | Crypt |
| 0:55 | Graveyard |
| 1:05 | Altar of Darkness |
| 1:20 | Ziggurat |
| 1:36 | Ghoul |
| 1:48 | Ghoul |
| 2:13 | Ghoul |
| 2:31 | Crypt Fiend |
| 3:00 | Crypt Fiend |
| 3:27 | Halls of the Dead |
| 3:32 | Crypt Fiend |
| 3:53 | Ziggurat |
| 4:28 | Crypt Fiend |
| 4:43 | Death Coil |
| 5:22 | Crypt Fiend |
| 5:40 | Spirit Tower |
| 5:43 | Ziggurat |
| 5:46 | Ziggurat |
| 6:25 | Web |
| 7:00 | Acolyte |
| 7:15 | Death Pact |
| 7:35 | Black Citadel |
| 7:54 | Frost Nova |
| 8:35 | Makrura Deepseer |
| 8:36 | Mur'gul Snarecaster |
| 10:00 | Acolyte |
| 10:35 | Sacrificial Pit |
| 10:44 | Temple of the Damned |
| 10:51 | Scroll of Town Portal |
| 10:51 | Scroll of Town Portal |
| 11:32 | Boneyard |
| 11:37 | Boneyard |
| 11:47 | Ghoul |
| 12:05 | Spirit Tower |
| 12:25 | Ziggurat |
| 12:30 | Acolyte |
| 12:30 | Acolyte |
| 12:31 | Acolyte |
| 12:45 | Banshee Adept Training |
| 12:47 | Frost Wyrm |
| 13:52 | Freezing Breath |
| 13:55 | Frost Wyrm |
| 14:12 | Banshee |
| 14:41 | Creature Attack |
| 14:46 | Banshee Master Training |
| 15:01 | Spirit Tower |
| 15:08 | Ziggurat |
| 15:13 | Frost Wyrm |
| 15:43 | Creature Carapace |
| 16:27 | Spirit Tower |
| 17:35 | Death Coil |
| 17:44 | Acolyte |
| 17:44 | Acolyte |
| 17:45 | Acolyte |
| 17:54 | Frost Wyrm |
| 17:58 | Banshee |
| 21:03 | Frost Wyrm |
| 21:18 | Banshee |
| 22:04 | Scroll of Town Portal |
| Right click | 297 |
| Select | 213 |
| Build/train/purchase | 50 |
| Use ability | 42 |

| Scroll of Town Portal | 1 | 350 |
| Periapt of Vitality | 1 | 325 |
| Staff of Teleportation | 1 | 150 |
| Boots of Speed | 1 | 250 |
| total: | 4 | 1075g |
| Wisp | 15 | 900 | / | 0 |
| Archer | 10 | 1300 | / | 100 |
| Huntress | 11 | 2145 | / | 220 |
| Hippogryph | 5 | 800 | / | 100 |
| Mountain Giant | 2 | 700 | / | 200 |
| total: | 43 | 5845g | / | 620w |
| Ancient Protector | 3 | 405 | / | 240 |
| Ancient of War | 2 | 300 | / | 120 |
| Altar of Elders | 1 | 180 | / | 50 |
| Moon Well | 6 | 1080 | / | 240 |
| Hunter's Hall | 1 | 210 | / | 100 |
| Ancient of Wonders | 1 | 90 | / | 30 |
| Ancient of Wind | 2 | 300 | / | 280 |
| Ancient of Lore | 1 | 155 | / | 145 |
| Tree of Ages | 1 | 320 | / | 180 |
| Tree of Eternity | 1 | 330 | / | 200 |
| total: | 17 | 2720g | / | 1205w |
| 0:08 | Ancient of War |
| 0:11 | Wisp |
| 0:12 | Wisp |
| 0:18 | Altar of Elders |
| 0:32 | Moon Well |
| 0:39 | Wisp |
| 0:56 | Wisp |
| 1:15 | Wisp |
| 1:34 | Moon Well |
| 1:49 | Wisp |
| 1:50 | Wisp |
| 1:56 | Archer |
| 2:06 | Wisp |
| 2:15 | Archer |
| 2:32 | Ancient of War |
| 2:45 | Evasion |
| 3:00 | Archer |
| 3:09 | Hunter's Hall |
| 3:40 | Archer |
| 3:41 | Archer |
| 3:46 | Wisp |
| 3:46 | Wisp |
| 5:19 | Moon Well |
| 5:22 | Moon Well |
| 5:24 | Wisp |
| 5:24 | Wisp |
| 5:29 | Sentinel |
| 5:30 | Huntress |
| 5:48 | Ancient Protector |
| 6:05 | Immolation |
| 6:15 | Periapt of Vitality |
| 6:20 | Staff of Teleportation |
| 6:23 | Boots of Speed |
| 6:39 | Ancient Protector |
| 7:10 | Huntress |
| 7:12 | Huntress |
| 7:38 | Strength of the Moon |
| 7:39 | Moon Armor |
| 7:48 | Huntress |
| 7:55 | Improved Moon Armor |
| 10:02 | Tree of Ages |
| 10:10 | Moon Well |
| 10:39 | Huntress |
| 10:41 | Huntress |
| 11:50 | Huntress |
| 11:52 | Huntress |
| 11:58 | Ancient Protector |
| 14:15 | Moon Glaive |
| 14:17 | Huntress |
| 14:18 | Huntress |
| 14:24 | Ancient of Wind |
| 14:32 | Ancient of Wonders |
| 14:39 | Ancient of Lore |
| 14:42 | Wisp |
| 14:42 | Wisp |
| 14:53 | Ancient of Wind |
| 14:58 | Improved Bows |
| 15:29 | Hippogryph |
| 15:35 | Archer |
| 15:38 | Archer |
| 15:49 | Scroll of Town Portal |
| 15:59 | Mountain Giant |
| 16:06 | Hippogryph |
| 16:08 | Hippogryph |
| 16:18 | Archer |
| 17:32 | Wisp |
| 19:42 | Moon Well |
| 19:44 | Improved Strength of the Moon |
| 19:44 | Advanced Moon Armor |
| 20:59 | Tree of Eternity |
| 21:55 | Huntress |
| 21:57 | Archer |
| 22:00 | Hippogryph |
| 22:01 | Hippogryph |
| 22:03 | Archer |
| 23:53 | Mountain Giant |
| 24:19 | Advanced Strength of the Moon |
| Right click | 347 |
| Select | 217 |
| Build/train/purchase | 77 |
| Use ability | 23 |
| Resource trade | 4 |
| Remove unit | 3 |
| Minimap ping | 2 |

| Potion of Healing | 1 | 150 |
| total: | 1 | 150g |
| Acolyte | 18 | 1350 | / | 0 |
| Ghoul | 24 | 2880 | / | 0 |
| Meat Wagon | 9 | 2070 | / | 450 |
| Abomination | 8 | 1920 | / | 560 |
| Gargoyle | 1 | 175 | / | 30 |
| total: | 60 | 8395g | / | 1040w |
| Nerubian Tower | 1 | 100 | / | 20 |
| Spirit Tower | 4 | 580 | / | 160 |
| Altar of Darkness | 1 | 180 | / | 50 |
| Ziggurat | 7 | 1050 | / | 350 |
| Crypt | 2 | 400 | / | 100 |
| Graveyard | 1 | 215 | / | 0 |
| Tomb of Relics | 1 | 130 | / | 30 |
| Slaughterhouse | 2 | 280 | / | 270 |
| Sacrificial Pit | 1 | 75 | / | 150 |
| Boneyard | 1 | 175 | / | 200 |
| Halls of the Dead | 2 | 640 | / | 420 |
| Black Citadel | 2 | 650 | / | 460 |
| total: | 16 | 2505g | / | 1150w |
| 0:12 | Acolyte |
| 0:13 | Acolyte |
| 0:24 | Altar of Darkness |
| 0:27 | Ziggurat |
| 0:57 | Crypt |
| 1:09 | Crypt |
| 1:44 | Ziggurat |
| 1:50 | Acolyte |
| 2:07 | Graveyard |
| 2:14 | Ghoul |
| 2:28 | Sleep |
| 2:29 | Ghoul |
| 2:54 | Nerubian Tower |
| 2:56 | Ghoul |
| 2:57 | Ghoul |
| 2:58 | Cannibalize |
| 3:22 | Ghoul |
| 3:40 | Ziggurat |
| 3:55 | Ziggurat |
| 4:01 | Ghoul |
| 4:24 | Ghoul |
| 4:42 | Spirit Tower |
| 4:51 | Acolyte |
| 5:09 | Ghoul |
| 5:37 | Ghoul |
| 6:09 | Vampiric Aura |
| 6:20 | Halls of the Dead |
| 6:31 | Ghoul |
| 6:58 | Ghoul |
| 6:59 | Ghoul |
| 7:07 | Unholy Armor |
| 7:07 | Improved Unholy Armor |
| 7:21 | Ghoul |
| 7:46 | Unholy Strength |
| 7:47 | Improved Unholy Strength |
| 7:48 | Ghoul |
| 8:19 | Spirit Tower |
| 8:26 | Ghoul |
| 9:36 | Ghoul |
| 9:40 | Black Citadel |
| 9:58 | Slaughterhouse |
| 9:59 | Slaughterhouse |
| 10:13 | Ghoul |
| 10:28 | Tomb of Relics |
| 11:23 | Meat Wagon |
| 11:25 | Meat Wagon |
| 11:39 | Ziggurat |
| 11:40 | Ziggurat |
| 11:41 | Ziggurat |
| 12:44 | Ghoul Frenzy |
| 12:44 | Ghoul |
| 13:04 | Meat Wagon |
| 13:10 | Acolyte |
| 13:10 | Acolyte |
| 13:50 | Abomination |
| 14:15 | Acolyte |
| 14:15 | Acolyte |
| 14:39 | Sacrificial Pit |
| 14:42 | Acolyte |
| 14:42 | Acolyte |
| 15:07 | Gargoyle |
| 15:23 | Abomination |
| 15:52 | Abomination |
| 15:52 | Abomination |
| 16:03 | Acolyte |
| 16:12 | Boneyard |
| 16:45 | Potion of Healing |
| 16:54 | Meat Wagon |
| 17:02 | Acolyte |
| 17:02 | Acolyte |
| 17:20 | Meat Wagon |
| 17:21 | Meat Wagon |
| 17:31 | Exhume Corpses |
| 17:50 | Abomination |
| 18:06 | Meat Wagon |
| 18:09 | Advanced Unholy Strength |
| 19:44 | Abomination |
| 19:44 | Disease Cloud |
| 20:02 | Meat Wagon |
| 20:02 | Meat Wagon |
| 20:28 | Ghoul |
| 20:28 | Ghoul |
| 20:47 | Ghoul |
| 20:47 | Ghoul |
| 22:20 | Ghoul |
| 22:31 | Abomination |
| 22:51 | Abomination |
| 23:39 | Ghoul |
| 24:27 | Acolyte |
| 24:27 | Acolyte |
| 24:28 | Acolyte |
| 24:30 | Acolyte |
| 24:31 | Acolyte |
| Right click | 579 |
| Select group | 437 |
| Select | 300 |
| Assign group | 210 |
| Misc. action | 133 |
| Build/train/purchase | 107 |
| Minimap ping | 33 |
| Use ability | 28 |
| Esc | 7 |
| Remove unit | 1 |